 Dungeon Crawl Stone Soup version 0.28-a0-203-gf40de95187 (console) character file.

Game seed: 11579281124994634345

49 FIQ the Skirmisher (level 3, -3/29 HPs)
             Began as a Demonspawn Chaos Knight on Aug 20, 2021.
             Was a Plaything of Xom.
             Succumbed to a meliai's poison
             ... on level 2 of the Dungeon.
             The game lasted 00:01:51 (1465 turns).

FIQ the Skirmisher (Demonspawn Chaos Knight)        Turns: 1465, Time: 00:01:51

Health: -3/29      AC:  5    Str: 13    XL:     3   Next: 51%
Magic:  3/3        EV: 11    Int: 13    God:    Xom [.....*]
Gold:   40         SH:  9    Dex: 12    Spells: 2/2 levels left

rFire   . . .      SeeInvis .   a - +0 mace (chaos)
rCold   . . .      Faith    .   (no shield)
rNeg    . . .      Spirit   .   b - +2 leather armour
rPois   .          Reflect  +   (no helmet)
rElec   .          Harm     .   (no cloak)
rCorr   .          Rampage  .   (no gloves)
Will    .....                   (no boots)
Stlth   +.........              e - amulet of reflection
HPRegen 0.09/turn               (no ring)
MPRegen 0.16/turn               (no ring)

@: lethally poisoned (-3 -> -19)
A: magic regeneration, condensation shield
a: Renounce Religion


You were on level 2 of the Dungeon.
You worshipped Xom.
You were Xom's teddy bear.
You visited 1 branch of the dungeon, and saw 2 of its levels.

You collected 40 gold pieces.

Inventory:

Hand Weapons
 a - a +0 mace of chaos (weapon)
Armour
 b - a +2 leather armour (worn)
Jewellery
 e - an amulet of reflection (around neck)
Scrolls
 c - a scroll of fear {unknown}
 d - 2 scrolls of teleportation {unknown}
 f - 2 scrolls of vulnerability {unknown}
 g - a scroll of summoning {unknown}
 h - a scroll of fog {unknown}


   Skills:
 + Level 3.4 Fighting
 + Level 3.1 Maces & Flails
 + Level 2.3 Armour
 + Level 1.6 Dodging


You had 2 spell levels left.
You didn't know any spells.
Your spell library was empty.

Dungeon Overview and Level Annotations

Branches:
Dungeon (2/15)

Altars:

Shops:
D:1 *


Innate Abilities, Weirdness & Mutations

You regenerate magic rapidly.
A meltable shield of frost defends you. (SH +4)


Message History

The bat moves out of view.
You hit the adder.
The adder is lightly wounded.
You block the adder's attack. The adder bites you.
You miss the adder.
The adder is lightly wounded.
The adder barely misses you.
You hit the adder.
The adder changes into a shapeshifter!
Xom thinks this is hilarious!
The shapeshifter changes into a meliai!
You hit the meliai but do no damage. The meliai hits you!
You emit a cloud of colourful smoke!
The meliai stings you but does no damage.
The meliai hits you!
The meliai stings you but does no damage.
You are too injured to fight recklessly!
You are too injured to fight recklessly!
Unknown command.
Press: ? - help, v - describe, . - travel
Here: a meliai shaped shifter (magical condensation)
The floor, spattered with blood.
You aren't carrying any potions.
The meliai hits you.
* * * LOW HITPOINT WARNING * * *
You block the meliai's attack. You block the meliai's attack. x2
The meliai barely misses you. You block the meliai's attack.
You block the bat's attack. The meliai hits you!
You die... "Hey, things were just getting interesting!"
Xom revives you! The meliai stings you.
* * * LOW HITPOINT WARNING * * *
You are lethally poisoned!
The meliai poisons you!
You aren't carrying any potions.
Unknown command.
You completely miss the meliai.
You die...
Xom snickers!

#.#
#...........#
#.#
##.########.#
..# #.# #.#
### #.# #.#
#.# #.# #.#
#.#
#.########.##
#...........#
#######@##
#.y# #☼b#
##§# #§# #§#
#§# #.# #.#


You could see a meliai shaped shifter and a bat.

Vanquished Creatures
  A worm (D:2)
  A dart slug (D:1)
  2 bats
  4 endoplasms
  3 giant cockroaches
  4 goblins
  4 hobgoblins (D:1)
  4 jackals (D:1)
  6 kobolds
  A quokka (D:1)
  3 ball pythons
  2 frilled lizards (D:1)
  2 rats (D:1)
37 creatures vanquished.

Notes
Turn   | Place    | Note
-------+----------+-------------------------------------------
     0 | D:1      | FIQ the Demonspawn Chaos Knight began the quest for the
                  | Orb.
     0 | D:1      | Reached XP level 1. HP: 18/18 MP: 1/1
    56 | D:1      | Reached skill level 1 in Dodging
   185 | D:1      | Found a faded altar of an unknown god.
   223 | D:1      | Gained mutation: A meltable shield of frost defends you.
                  | (SH +4) [demonic ancestry]
   223 | D:1      | Reached XP level 2. HP: 23/24 MP: 2/2
   288 | D:1      | Found Banozun's Assorted Antiques.
   729 | D:1      | XOM: silly message
   857 | D:1      | Gained mutation: You regenerate magic rapidly. [demonic
                  | ancestry]
   857 | D:1      | Reached XP level 3. HP: 27/29 MP: 3/3
  1459 | D:2      | Noticed a shapeshifter
  1459 | D:2      | an adder changed into a shapeshifter
  1459 | D:2      | Noticed a meliai
  1459 | D:2      | a shapeshifter changed into a meliai
  1460 | D:2      | XOM: smoke on damage
  1464 | D:2      | Xom revived you
  1464 | D:2      | HP: 1/29 [meliai (shapeshifter) (4)]
  1465 | D:2      | Succumbed to a meliai's poison

Illustrated notes

Levels and vault maps discovered:
D:1:      shiori_arrival_elements, layout_basic,
          ebering_ecumenical_altar_abandoned, serial_shops,
          nicolae_shop_temple_entry_statues_fountains
D:2:      layout_loops_ring, basic_altar

Skill      XL: |  1  2 |
---------------+-------+-----
Dodging        | 1 |  1.6
Armour         | 2 |  2.3
Maces & Flails | 3 |  3.1
Fighting       | |  3.4

Action                   || total
-------------------------++-------
Melee: Mace              ||   104
 Stab: Sleeping          ||     1
Armor: Leather armour    ||    57
Dodge: Dodged            ||    75
Block: Other             ||    21
       Reflection        ||     1

Table legend: (Time is in decaauts)
 A = Elapsed time spent in this place.
 B = Non-inter-level travel time spent in this place.
 C = Inter-level travel time spent in this place.
 D = Time resting spent in this place.
 E = Time spent auto-exploring this place.
 F = Levels seen in this place.
 G = Mean time per level.
                   A        B        C        D        E       F      G
               +--------+--------+--------+--------+--------+-----+--------+
         Total |   1491 |   1410 |     81 |      0 |   1163 |   2 |  745.5 |
       Dungeon |   1491 |   1410 |     81 |      0 |   1163 |   2 |  745.5 |
               +--------+--------+--------+--------+--------+-----+--------+

Top non-repeatable levels by time:
     D:1: 1243 daAuts
     D:2: 247 daAuts
